 Dungeon Crawl Stone Soup version 0.31-a0-854-g362426d53f (webtiles) character file.

Game seed: 2185995453360299588

63 Armakuni the Ruffian (level 4, 0/38 HPs)
             Began as a Naga Shapeshifter on Oct 8, 2023.
             Slain by a goblin
             ... wielding a +0 dagger
             ... led by Robin
              (6 damage)
             ... on level 2 of the Dungeon.
             The game lasted 00:02:50 (1243 turns).

Armakuni the Ruffian (Naga Shapeshifter)            Turns: 1243, Time: 00:02:51

Health: 0/38       AC:  2    Str: 16    XL:     4   Next: 9%
Magic:  4/4        EV:  9    Int: 13    God:
Gold:   42         SH:  0    Dex: 10    Spells: 3/3 levels left

rFire   . .          .
                       - Unarmed
rCold   . . .        (no shield)
rNeg    . . .        a - +0 animal skin
rPois   +            e - melded +0 helmet
rElec   .            (cloak currently unavailable)
rCorr   .            (gloves currently unavailable)
SInv    +            (no barding)
Will    .....        (no amulet)
Stlth   ++           (no ring)
HPRegen 0.26/turn    (no ring)
MPRegen 0.09/turn

%: no passive effects
@: brilliant, short of breath, beast-form, very slow
A: beast (slay +1), AC +1, large, see invisible, deformed body, poison
resistance, slowness 2, spit poison 1, naga tail 1
a: Spit Poison, Begin Untransformation


You were on level 2 of the Dungeon.
You were a hulking beast.
You visited 1 branch of the dungeon, and saw 3 of its levels.

You collected 42 gold pieces.

Inventory:

Armour
 a - a +0 animal skin (worn)
 e - a +0 helmet (melded)
Talismans
 c - a beast talisman (active)
 d - a flux talisman


   Skills:
 - Level 1.1 Fighting
 - Level 1.7 Dodging
 - Level 3.0 Stealth
 + Level 4.1 Unarmed Combat
 - Level 3.0 Shapeshifting


You had 3 spell levels left.
You didn't know any spells.
Your spell library was empty.

Dungeon Overview and Level Annotations

Branches:
Dungeon (3/15)

Altars:

Annotations:
D:1 1 runed translucent door
D:2 Robin


Innate Abilities, Weirdness & Mutations

You are a hulking beast.
Your limbs bulge with bestial killing power. (Slay +1)
Your serpentine skin is tough. (AC +1)
You have supernaturally acute eyesight. (SInv)
Armour fits poorly on your strangely shaped body.
Your system is resistant to poisons. (rPois)
You cover ground very slowly.
You can spit poison.
You have a snake-like lower body.


Message History

Robin roars a battlecry!
The goblins go into a battle-frenzy!
The goblin hits you but does no damage.
The endoplasm hits you but does no damage.
The goblin hits you but does no damage. x2
The gnoll hits you but does no damage. The goblin hits you but does no damage.
The endoplasm freezes you.
You are frozen.
The goblin hits you but does no damage.
It was a potion of magic.
Magic courses through your body.
The goblin no longer looks unusually strong.
The gnoll hits you with a +0 club. The goblin hits you with a +0 club.
The endoplasm hits you but does no damage.
The goblin hits you but does no damage. x2
You smack the gnoll!
You kill the gnoll!
You feel yourself speed up.
The goblin hits you but does no damage. x2
The endoplasm hits you but does no damage.
The goblin hits you but does no damage. x2
The goblin hits you with a +0 dagger.
* * * LOW HITPOINT WARNING * * *
Robin roars a battlecry!
The goblin goes into a battle-frenzy!
The endoplasm hits you but does no damage.
The goblin hits you but does no damage.
Your Unarmed Combat skill increases to level 4!
You have reached level 4!
You feel clever.
Aiming: Spit Poison (1% risk of failure)
Press: ? - help, Q - select action Shift-Dir - straight line, f - Robin
Aim: Robin, wielding a +5 short sword of protection, wearing a +0 animal skin and wearing a +0 helmet (70% to hit)
The splash of poison misses Robin.
You feel less wooden.
Your +0 helmet unmelds from your body.
Your +0 animal skin unmelds from your body.
You turn into a hulking beast.
Your +0 helmet melds into your body.
The goblin hits you with a +0 club.
* * * LOW HITPOINT WARNING * * *
The endoplasm barely misses you. The goblin hits you with a +0 dagger.
You die...

#......# .
#......###.#.
#............
###....####
#...........
#gg.........
#ggK........
#ggg........
#hgg........
#Jg.........
#g..........
#....######
#....# ######


You could see Robin, a gnoll, an endoplasm, 3 hobgoblins, 6 goblins and a
kobold.

Vanquished Creatures
  Natasha (D:2)
  A gnoll (D:2)
  A dart slug (D:1)
  An orc (D:3)
  3 endoplasms (D:1)
  A giant cockroach (D:1)
  3 goblins
  2 hobgoblins
  A quokka (D:1)
  2 ball pythons
  4 bats (D:1)
  A frilled lizard (D:1)
  A kobold (D:1)
  3 rats (D:1)
25 creatures vanquished.

Notes
Turn   | Place    | Note
-------+----------+-------------------------------------------
     0 | D:1      | Armakuni the Naga Shapeshifter began the quest for the Orb.
     0 | D:1      | Reached XP level 1. HP: 18/18 MP: 1/1
    11 | D:1      | Found a runed translucent door.
   306 | D:1      | Reached XP level 2. HP: 25/25 MP: 2/2
   442 | D:1      | Reached skill level 1 in Stealth
   892 | D:1      | Reached XP level 3. HP: 26/31 MP: 3/3
  1214 | D:2      | Noticed Robin
  1214 | D:2      | Noticed Natasha
  1226 | D:2      | Killed Natasha
  1243 | D:2      | Reached skill level 4 in Unarmed Combat
  1243 | D:2      | Reached XP level 4. HP: 15/38 MP: 4/4
  1243 | D:2      | Slain by a goblin

Illustrated notes

Levels and vault maps discovered:
D:1:      dpeg_arrival_caged_fury, layout_basic
D:2:      layout_basic, serial_shops, shop, uniq_robin, uniq_crazy_yiuf_cottage,
          uniq_natasha
D:3:      layout_rooms, serial_shops, shop, shop, nicolae_shop_window_shopping,
          ebering_ecumenical_altar_abandoned

Skill      XL: |  1  2  3 |
---------------+----------+-----
Stealth        | 2 3 |  3.0
Unarmed Combat | 4 |  4.1
Fighting       | |  1.1
Dodging        | |  1.7
Shapeshifting  | |  3.0

Action                     |  1- 3 |  4- 6 || total
---------------------------+-------+-------++-------
  Melee: Unarmed           |    62 |       ||    62
Ability: Spit Poison       |       |     1 ||     1
    Use: Potion            |     5 |       ||     5
         Scroll            |     1 |       ||     1
   Stab: Sleeping          |     4 |       ||     4
 Armour: Animal skin       |    28 |     2 ||    30
         Skin              |   148 |       ||   148
  Dodge: Dodged            |    32 |     1 ||    33
   Form: Beast             |     2 |       ||     2
                           |     1 |       ||     1
         Flux              |     1 |       ||     1

Table legend: (Time is in decaauts)
 A = Elapsed time spent in this place.
 B = Non-inter-level travel time spent in this place.
 C = Inter-level travel time spent in this place.
 D = Time resting spent in this place.
 E = Time spent auto-exploring this place.
 F = Levels seen in this place.
 G = Mean time per level.
                   A        B        C        D        E       F      G
               +--------+--------+--------+--------+--------+-----+--------+
         Total |   1653 |   1635 |     18 |     42 |   1309 |   3 |  551.0 |
       Dungeon |   1653 |   1635 |     18 |     42 |   1309 |   3 |  551.0 |
               +--------+--------+--------+--------+--------+-----+--------+

Top non-repeatable levels by time:
     D:1: 1489 daAuts
     D:2: 118 daAuts
     D:3: 45 daAuts
